Map: Traitor's Exile

Players

Scrub

  • Race: Zerg Zerg
  • Spawn Location: 5:00

Zagetso

  • Race: Terran Terran
  • League: Diamond
  • Spawn Location: 6:00

PureLegacy - Winner!

  • Race: Terran Terran
  • Spawn Location: 9:00

Obsidian - Winner!

  • Race: Zerg Zerg
  • Spawn Location: 12:00

VOD

Have the link to the VOD?

Description

Time

  • Played on: Nov. 22, 2018, 7:52 a.m.
  • Length: 5:04
Show
View Real Time Build Order
Export as new Build Order

Scrub Zerg 

Build Orders: Pool First 

Get SALT Encoding   

  12  0:01  Drone  
  13  0:13  Overlord  
  13  0:18  Drone  
  14  0:31  Drone x2  
  14  0:35  Drone  
  17  0:50  Drone, Spawning Pool  
  17  0:57  Drone  
  18  1:06  Extractor  
  17  1:20  Drone, Hatchery  
  17  1:23  Drone  
  18  1:36  Queen  
  18  1:38  Zergling x2  
  21  1:40  Zergling x2  
  22  1:50  Overlord  
  22  2:10  Zergling x2  
  23  2:17  Queen  
  25  2:25  Zergling x4  
  25  2:35  Metabolic Boost  
  26  2:37  Zergling x4  
  26  2:43  Queen  
  26  2:44  Spine Crawler  
  28  2:48  Zergling x6  
  31  2:57  Zergling x2  
  31  2:58  Baneling Nest  
  31  3:07  Zergling x2  
  31  3:08  Zergling x4  
  29  3:22  Spine Crawler  
  29  3:23  Zergling x4  
  26  3:35  Zergling x2  
  26  3:36  Zergling x4  
  24  3:46  Zergling x4  
  23  3:56  Zergling x6  
  26  4:08  Zergling x2  
  26  4:09  Zergling x4  
  28  4:13  Drone  
  28  4:21  Zergling x4  
  26  4:24  Baneling x2  
  25  4:33  Baneling x2  
  25  4:34  Baneling x2  
  25  4:36  Zergling x2  
Show
View Real Time Build Order
Export as new Build Order

Zagetso Terran 

Build Orders: Gas First Reaper Expand, Reaper Expand 

Get SALT Encoding   

  12  0:01  SCV  
  13  0:13  SCV  
  14  0:20  Supply Depot  
  14  0:25  SCV  
  15  0:30  Refinery  
  15  0:41  SCV  
  16  0:48  Barracks  
  16  0:53  SCV  
  17  1:06  SCV  
  18  1:18  SCV  
  19  1:37  Orbital Command  
  19  1:38  Reaper  
  20  1:51  Command Center  
  20  2:03  Factory  
  20  2:07  SCV  
  21  2:18  Refinery  
  21  2:19  SCV  
  21  2:20  Barracks Reactor  
  22  2:27  Supply Depot  
  22  2:31  SCV  
  22  2:49  Hellion  
  18  3:08  Marine x2  
  18  3:10  Orbital Command  
  18  3:38  SCV  
  14  3:51  SCV  
  3  4:02  Orbital Command  
  3  4:13  Orbital Command  
  3  4:50  SCV  
Show
View Real Time Build Order
Export as new Build Order

PureLegacy Terran - Winner!

Build Orders:  

Get SALT Encoding   

  12  0:02  SCV  
  13  0:14  SCV  
  14  0:18  Supply Depot  
  14  0:26  SCV  
  15  0:31  Refinery  
  15  0:39  SCV  
  16  0:46  Barracks  
  16  0:51  SCV  
  17  1:03  Barracks  
  17  1:17  Barracks  
  17  1:22  SCV  
  18  1:34  Reaper  
  19  1:41  Orbital Command  
  19  1:50  Refinery  
  19  1:52  Reaper  
  20  2:04  Supply Depot  
  20  2:05  Reaper  
  21  2:09  Reaper  
  22  2:16  SCV  
  23  2:36  Reaper  
  24  2:38  Supply Depot, SCV  
  24  2:40  Reaper  
  24  2:43  Reaper  
  27  2:50  SCV  
  28  3:08  Reaper  
  28  3:12  Reaper  
  30  3:15  Reaper  
  30  3:17  Command Center  
  30  3:19  SCV  
  32  3:31  SCV  
  33  3:40  Reaper  
  34  3:42  Supply Depot  
  34  3:47  SCV  
  35  3:56  Reaper x2  
  35  4:01  Barracks  
  37  4:03  Barracks  
  37  4:12  Reaper  
  38  4:22  SCV  
  39  4:28  Orbital Command  
  39  4:32  Reaper  
Show
View Real Time Build Order
Export as new Build Order

Obsidian Zerg - Winner!

Build Orders: Hatch First, Zergling Baneling 

Get SALT Encoding   

  12  0:01  Drone  
  13  0:13  Overlord  
  13  0:18  Drone  
  14  0:31  Drone x2  
  16  0:39  Drone  
  17  0:54  Hatchery  
  16  0:57  Drone  
  16  1:01  Drone  
  18  1:15  Spawning Pool  
  18  1:16  Extractor  
  16  1:20  Drone  
  16  1:22  Drone  
  18  1:30  Drone  
  19  1:39  Overlord  
  19  2:06  Zergling x2  
  19  2:07  Zergling x4  
  19  2:08  Queen x2  
  24  2:12  Zergling x2  
  27  2:17  Metabolic Boost  
  27  2:20  Zergling x2  
  28  2:30  Zergling x2  
  28  2:31  Zergling x2  
  30  2:40  Zergling x4  
  32  2:50  Zergling x2  
  32  2:51  Zergling x2  
  34  2:56  Overlord  
  34  3:16  Zergling x2  
  34  3:17  Zergling x6  
  37  3:21  Baneling Nest  
  36  3:31  Overlord  
  36  3:32  Zergling x2  
  36  3:33  Zergling x8  
  39  3:57  Zergling x4, Overlord  
  39  3:58  Zergling x10  
  46  4:19  Baneling  
  46  4:20  Baneling x10  
Tags
 
Add a new tag
Caveats
  • Supply blocks, unpowered buildings, or Contaminate may cause inaccurate times.
  • Supply counts are checked every 10 seconds.